 Dungeon Crawl Stone Soup version 0.24.0-123-gd5b16e6ec5 (webtiles) character file.

Game seed: 3233543385411379608, levelgen mode: deterministic

295 Briareos the Firebug (level 6, -4/46 HPs)
             Began as a Draconian Fire Elementalist on Dec 31, 2019.
             Was a Follower of Elyvilon.
             Shot with an arrow by a centaur (8 damage)
             ... on level 5 of the Dungeon on Jan 15, 2020.
             The game lasted 00:29:01 (4618 turns).

Briareos the Firebug (Draconian Fire Elementalist)  Turns: 4618, Time: 00:29:02

Health: -4/46      AC:  6    Str: 11    XL:     6   Next: 11%
Magic:  2/10       EV: 12    Int: 19    God:    Elyvilon [*.....]
Gold:   185        SH:  0    Dex: 11    Spells: 2/10 levels left

rFire    . . .     SeeInvis .   c - +1 short sword
rCold    . . .     Gourm    .   (no shield)
rNeg     . . .     Faith    .   (armour unavailable)
rPois    .         Spirit   .   (helmet restricted)
rElec    .         Reflect  .   (no cloak)
rCorr    .         Harm     .   (no gloves)
MR       +....                  (no boots)
Stlth    ++........             (no amulet)
HPRegen  0.15/turn              f - ring of protection from magic
MPRegen  0.12/turn              (no ring)

@: no status effects
A: unfitting armour, clever 1, mutation resistance 1, cold-blooded, MP-powered
wands, AC +6
a: Lesser Healing, Divine Protection, Renounce Religion


You were on level 5 of the Dungeon.
You worshipped Elyvilon.
Elyvilon was aware of your devotion.
You were hungry.

You visited 1 branch of the dungeon, and saw 5 of its levels.

You collected 185 gold pieces.

Inventory:

Hand Weapons
 a - a +1 mace of protection
 c - a +1 short sword (weapon)
 e - a +0 dagger
 i - a +0 short sword
 j - a +0 dagger
 o - a +0 dagger
 p - a +0 dagger
 q - a +0 hunting sling
 t - a +0 dagger
 u - a +0 flail
 M - a +0 short sword
Missiles
 d - 213 stones
 g - 20 bolts
 s - an atropa-tipped dart (quivered)
 B - 4 boomerangs
 I - 25 poisoned darts
 L - 32 arrows
Jewellery
 f - a ring of protection from magic (left hand)
 k - an uncursed ring of flight {unknown}
 l - an uncursed ring of protection from magic
 v - an uncursed ring of ice {unknown}
 F - an uncursed ring of stealth {unknown}
Wands
 J - a wand of random effects (26)
Scrolls
 m - a scroll of amnesia
 y - 2 scrolls of teleportation
 D - 2 scrolls of remove curse
 H - a scroll of enchant armour {unknown}
 K - a scroll of fog {unknown}
Potions
 h - a potion of brilliance {unknown}
 n - a potion of degeneration {unknown}
 r - 2 potions of flight {unknown}
 x - a potion of lignification {unknown}
 z - a potion of haste {unknown}
 A - a potion of berserk rage {unknown}
 C - a potion of heal wounds {unknown}
 E - a potion of resistance {unknown}
 G - 4 potions of curing
Comestibles
 b - 5 rations


   Skills:
 + Level 0.6 Fighting
 + Level 1.1 Short Blades
 + Level 1.5 Throwing
 + Level 2.4 Dodging
 + Level 2.3 Stealth
 + Level 2.9 Spellcasting
 + Level 2.7 Conjurations
 + Level 4.4 Fire Magic


You had 2 spell levels left.
You knew the following spells:

 Your Spells              Type           Power        Failure   Level  Hunger
a - Flame Tongue          Conj/Fire      ###..        3%          1    None
b - Conjure Flame         Conj/Fire      ###.....     11%         3    ###....
c - Sticky Flame          Conj/Fire      ###.....     34%         4    ####...

Your spell library contained the following spells:

 Spells                   Type           Power        Failure   Level  Hunger
 Throw Flame              Conj/Fire      ###...       5%          2    ##.....
 Inner Flame              Hex/Fire       ##......     19%         3    ###....
 Fireball                 Conj/Fire      ###.......   67%         5    ######.


Dungeon Overview and Level Annotations

Branches:
Dungeon (5/15)             Temple (0/1) D:4

Altars:
Ashenzari
Elyvilon
Nemelex Xobeh
Okawaru


Innate Abilities, Weirdness & Mutations

Your plain brown scales are hard. (AC +6)
You cannot fit into any form of body armour.
You are cold-blooded and may be slowed by cold attacks.
Your mind is acute. (Int +2)
You are somewhat resistant to further mutation.
You expend magic power (3 MP) to strengthen your wands.


Message History

Confirm with . or Enter, or press ? or * to list all spells.
Aiming: Flame Tongue (safe; 3% risk of failure)
Press: ? - help, Shift-Dir - straight line, f/p - centaur
Aim: a centaur, wielding a +0 shortbow (moderately wounded)
The flame tongue hits the centaur.
The centaur is moderately wounded.
The centaur shoots an arrow.
The arrow hits you.
Casting: Flame Tongue (safe; 3% risk of failure)
Confirm with . or Enter, or press ? or * to list all spells.
Aiming: Flame Tongue (safe; 3% risk of failure)
Press: ? - help, Shift-Dir - straight line, f/p - centaur
Aim: a centaur, wielding a +0 shortbow (moderately wounded)
The flame tongue hits the centaur but does no damage.
The centaur is moderately wounded.
The centaur shoots an arrow.
The arrow hits you!
* * * LOW HITPOINT WARNING * * *
The centaur shoots an arrow.
The arrow hits you.
* * * LOW HITPOINT WARNING * * *
The centaur shoots an arrow.
The arrow hits you!
You die...

<......# ......#
#....#
###....#########
#......##.....<#
#...##c##...####
#..
#ยง##...####.#
...
#(##........#
###
#@##...#####...
#(.'...'......
####...#####.#
#####


You could see a centaur.

Vanquished Creatures
  A hound (D:5)
  An iguana (D:4)
  2 worker ants
  An orc wizard (D:3)
  2 worker ant zombies
  5 adders (D:2)
  2 oozes
  2 adder skeletons (D:4)
  2 worms
  2 leopard geckos (D:4)
  6 orcs
  A ball python (D:2)
  3 giant cockroaches
  7 goblins
  8 hobgoblins
  6 jackals (D:4)
  2 kobolds
  4 quokkas
  A ball python skeleton (D:4)
  7 bats
  3 frilled lizards
  7 rats
75 creatures vanquished.

Notes
Turn   | Place    | Note
-------+----------+-------------------------------------------
     0 | D:1      | Briareos the Draconian Fire Elementalist began the quest
                  | for the Orb.
     0 | D:1      | Reached XP level 1. HP: 14/14 MP: 3/3
   224 | D:1      | Reached XP level 2. HP: 20/20 MP: 1/5
  1179 | D:2      | Reached skill level 4 in Fire Magic
  1179 | D:2      | Reached XP level 3. HP: 16/26 MP: 0/6
  1184 | D:2      | Learned a level 3 spell: Conjure Flame
  1284 | D:2      | Gained mutation: You expend magic power (3 MP) to
                  | strengthen your wands. [potion of mutation]
  1284 | D:2      | Gained mutation: Your mind is acute. (Int +2) [potion of
                  | mutation]
  1284 | D:2      | Gained mutation: You are somewhat resistant to further
                  | mutation. [potion of mutation]
  1610 | D:2      | Reached XP level 4. HP: 33/33 MP: 4/7
  1978 | D:2      | Found an iron altar of Okawaru.
  2150 | D:2      | Learned a level 4 spell: Sticky Flame
  2426 | D:3      | Found a shattered altar of Ashenzari.
  2526 | D:3      | Reached XP level 5. HP: 14/38 MP: 0/8
  3052 | D:3      | Reached skill level 1 in Throwing
  3495 | D:3      | Found a white marble altar of Elyvilon.
  3507 | D:3      | Became a worshipper of Elyvilon the Healer
  3829 | D:4      | Reached skill level 1 in Short Blades
  4164 | D:4      | Found a staircase to the Ecumenical Temple.
  4233 | D:4      | Found a sparkling altar of Nemelex Xobeh.
  4465 | D:4      | Reached XP level 6. HP: 46/46 MP: 8/10
  4580 | D:5      | Entered Level 5 of the Dungeon
  4588 | D:5      | Reached * piety under Elyvilon
  4618 | D:5      | Shot with an arrow by a centaur

Levels and vault maps discovered:
D:1:      dpeg_arrival_shelter, layout_loops_ring
D:2:      layout_basic, okawaru_ov_weapons_minmay
D:3:      layout_loops_ring, lemuel_doored_altar, lemuel_round_altar,
          first_ration, minmay_misc_feat_square
D:4:      layout_rooms, minmay_temple_entry_wispy, serial_bayou,
          serial_bayou_crossing, serial_bayou_ford_a, serial_bayou_shore_a,
          serial_bayou_pond_e, nemelex_dance_club_becter
D:5:      layout_basic, kennysheep_slug_shrine

Skill      XL: |  1  2  3  4  5 |
---------------+----------------+-----
Stealth        | 2 |  2.3
Fire Magic     | 4 |  4.4
Dodging        | 2 |  2.4
Conjurations   | 2 |  2.7
Throwing       | 1 |  1.5
Short Blades   | 1 |  1.1
Fighting       | |  0.6
Spellcasting   | |  2.9

Action                   |  1- 3 |  4- 6 || total
-------------------------+-------+-------++-------
Melee: Short sword       |    35 |   104 ||   139
       Unarmed           |     2 |       ||     2
       Tailslap          |     3 |     9 ||    12
Throw: Dart              |    11 |    10 ||    21
       Stone             |    21 |    29 ||    50
 Cast: Flame Tongue      |    30 |    81 ||   111
       Conjure Flame     |       |     9 ||     9
       Sticky Flame      |       |     1 ||     1
  Use: Scroll            |     3 |     3 ||     6
       Potion            |     3 |       ||     3
 Stab: Sleeping          |       |     2 ||     2
  Eat: Chunk             |     2 |     4 ||     6
       Ration            |       |     2 ||     2
Armor: Skin              |    23 |    34 ||    57
Dodge: Dodged            |    39 |    85 ||   124
